 Dungeon Crawl Stone Soup version 0.17-a0-1951-g62301d3 (webtiles) character file.

4368 shakdrar the Basher (level 10, -12/64 HPs)
             Began as a Gargoyle Berserker on Oct 2, 2015.
             Was an Elder of Trog.
             Killed from afar by Erolcha (59 damage)
             ... with a crystal spear
             ... on level 8 of the Dungeon.
             The game lasted 00:29:27 (7661 turns).

shakdrar the Basher (Gargoyle Berserker)            Turns: 7661, Time: 00:29:27

Health: -12/64     AC: 22    Str: 30    XL:     10   Next: 34%
Magic:  10/10      EV: 10    Int:  7    God:    Trog [****..]
Gold:   265        SH:  5    Dex: 11    Spells: 0 memorised, 9 levels left

rFire  + . .     SeeInvis +     G - +3 whip (elec)
rCold  . . .     Clarity  .     r - +0 chain mail
rNeg   + . .     SustAt   .     C - +0 buckler
rPois  ∞         Gourm    .     n - +2 helmet
rElec  +         Spirit   .     (no cloak)
rCorr  .         Warding  .     x - +0 pair of gloves
rMut   .         Stasis   .     (no boots)
MR     ++...                    (no amulet)
Stlth  ..........               e - +5 ring of strength
                                Q - ring "Haneluinei" {rPois rF+ Dex+2 SInv Stlth+}

@: regenerating, very resistant to hostile enchantments, extremely unstealthy
A: negative energy resistance 1, electricity resistance, unbreathing,
petrification resistance, rot immunity, AC +7
a: Burn Spellbooks, Berserk, Trog's Hand, Brothers in Arms, Renounce Religion


You were on level 8 of the Dungeon.
You worshipped Trog.
Trog was greatly pleased with you.
You were not hungry.

You visited 1 branch of the dungeon, and saw 8 of its levels.

You collected 565 gold pieces.
You spent 300 gold pieces at shops.

Inventory:

Hand weapons
 a - a +0 mace
 b - a +1 flail of draining
 G - a +3 whip of electrocution (weapon)
 L - a +0 blowgun
Missiles
 j - 59 poisoned needles
Armour
 l - a +0 ring mail
 n - a +2 helmet (worn)
 r - a +0 chain mail (worn)
 x - a +0 pair of gloves (worn)
 C - a +0 buckler (worn)
Rods
 H - a +0 rod of inaccuracy (9/9)
   (You found it on level 7 of the Dungeon)
Jewellery
 d - an uncursed ring of sustain attributes
 e - a +5 ring of strength (right hand)
 w - an uncursed amulet of rage
 N - an uncursed ring of flight
 O - an uncursed amulet of warding
 Q - the ring "Haneluinei" (left hand) {rPois rF+ Dex+2 SInv Stlth+}
   (You found it on level 8 of the Dungeon)

   [ring of poison resistance]

   It affects your dexterity (+2).
   It protects you from fire.
   It protects you from poison.
   It lets you see invisible.
   It makes you more stealthy.
Magical devices
 f - a wand of enslavement (14)
 s - a wand of slowing (24)
 E - a wand of paralysis (14)
 I - a wand of flame (8)
Scrolls
 q - 2 scrolls of identify
 u - a scroll of magic mapping
 v - 4 scrolls of fear
 y - 4 scrolls of fog
 A - 2 scrolls of remove curse
Potions
 g - 6 potions of curing
 i - a potion of magic
 k - 4 potions of heal wounds
 o - 2 potions of invisibility
 p - a potion of agility
 B - a potion of brilliance
 F - a potion of resistance
 P - 2 potions of mutation {unknown}
Books
 m - a book of Air

   Spells                             Type                      Level
   a - Shock                          Conjuration/Air              1
   b - Swiftness                      Charms/Air                   2
   c - Repel Missiles                 Charms/Air                   2
   d - Static Discharge               Conjuration/Air              3
   e - Lightning Bolt                 Conjuration/Air              5
   Trog disapproves of the use of such an item.
 D - a book of Transfigurations

   Spells                             Type                      Level
   a - Stoneskin                      Transmutation/Earth          2
   b - Irradiate                      Conjuration/Transmutation    5
   c - Statue Form                    Transmutation/Earth          6
   d - Hydra Form                     Transmutation                6
   e - Dragon Form                    Transmutation                7
   Trog disapproves of the use of such an item.
 J - a book of Unlife

   Spells                             Type                      Level
   a - Recall                         Summoning/Translocation      3
   b - Animate Dead                   Necromancy                   4
   c - Control Undead                 Necromancy                   4
   d - Cigotuvi's Embrace             Necromancy                   5
   e - Death Channel                  Necromancy                   6
   f - Simulacrum                     Ice/Necromancy               6
   Trog disapproves of the use of such an item.
 M - a book of Spatial Translocations

   Spells                             Type                      Level
   a - Apportation                    Translocation                1
   b - Blink                          Translocation                2
   c - Shroud of Golubria             Charms/Translocation         2
   d - Portal Projectile              Translocation                3
   e - Teleport Other                 Translocation                3
   f - Passage of Golubria            Translocation                4
   Trog disapproves of the use of such an item.
Comestibles
 c - 6 bread rations
 h - 2 meat rations
 t - a beef jerky
 z - 2 fruits
 K - a chunk of flesh


   Skills:
 + Level 7.7 Fighting
 * Level 10.0 Maces & Flails
 + Level 7.6 Armour
 - Level 4.0 Dodging
 - Level 5.0 Shields
 + Level 0.1 Evocations


You had 9 spell levels left.
You didn't know any spells.

Dungeon Overview and Level Annotations

Branches:
Dungeon (8/15)             Temple (0/1) D:6
   Lair: D:8-11

Altars:
Cheibriados
Elyvilon
Fedhas
Gozag
Makhleb
Ru
Zin
The Shining One

Shops:
D:7 (   D:8 *

Annotations:
D:8 Erolcha


Innate Abilities, Weirdness & Mutations

You are resistant to torment.
Your stone body is resilient (AC +7).
You are immune to poison.
You resist negative energy.
You are resistant to electric shocks.
You can survive without breathing.
You are immune to petrification.
You are immune to rotting.


Message History

You hit Erolcha.
Erolcha is lightly wounded.
You hit Erolcha.
Erolcha is lightly wounded.
Erolcha closely misses you.
You hit Erolcha.
There is a sudden explosion of sparks!
Erolcha is heavily wounded.
You hit Erolcha.
Erolcha is heavily wounded.
Erolcha hits you with an enchanted giant club!
You hit Erolcha.
Erolcha is heavily wounded.
The centaur unwields an uncursed shortbow of flaming.
It stops flaming.
The centaur barely misses you.
You hit Erolcha but do no damage.
Erolcha is heavily wounded.
Erolcha casts a spell at you. The crystal spear hits you!
Ouch! That really hurt!
You die...

..% #..........
...# #....[...##
#..# #........#
#...# ##........#
>.c..####........##
#....##........#
#....#........#
###.(.........##
##@O(..........#
#..c...........#
#.......#......#
#.......##....##
###############


You could see Erolcha and a centaur.

Vanquished Creatures
  Erica (D:8)
  Pikel (D:6)
  A hippogriff (D:7)
  Grum (D:8)
  Menkaure (D:5)
  3 wolves (D:8)
  Edmund (D:3)
  An orc warrior (D:6)
  A sky beast (D:7)
  A black bear (D:7)
  A necrophage (D:6)
  A phantom (D:4)
  A centaur (D:8)
  2 ogres
  The ghost of Loris the Charmwright, an average HESk (D:3)
  A giant frog (D:6)
  A big kobold (D:8)
  2 scorpions
  5 killer bees (D:8)
  5 wights (D:4)
  4 jellies
  4 hounds
  A gnoll shaman (D:4)
  4 orc priests
  5 worker ants
  4 orc wizards
  A killer bee zombie (D:5)
  3 hound zombies
  A hound skeleton (D:7)
  Robin (D:3)
  4 gnolls (D:4)
  8 adders
  A shadow imp (D:7)
  An ooze (D:2)
  An adder skeleton (D:6)
  2 worms
  3 giant geckos
  17 orcs
  4 ball pythons
  8 bats
  2 giant cockroaches
  12 hobgoblins
  3 jackals (D:4)
  7 kobolds
  5 quokkas
  A giant gecko skeleton (D:3)
  10 giant newts
  12 goblins
  11 rats
172 creatures vanquished.

Vanquished Creatures (others)
  An orc wizard (D:6)
  A worker ant zombie (D:6)
2 creatures vanquished.

Grand Total: 174 creatures vanquished

Notes
Turn   | Place    | Note
--------------------------------------------------------------
     0 | D:1      | shakdrar the Gargoyle Berserker began the quest for the Orb.
     0 | D:1      | Reached XP level 1. HP: 14/14 MP: 1/1
   438 | D:1      | Reached XP level 2. HP: 14/19 MP: 2/2
  1249 | D:2      | Reached XP level 3. HP: 23/23 MP: 3/3
  1475 | D:2      | Acquired Trog's second power
  1688 | D:2      | Found a glowing silver altar of Zin.
  1693 | D:2      | Found a glowing golden altar of the Shining One.
  1693 | D:2      | Found a burning altar of Makhleb.
  1695 | D:2      | Found a snail-covered altar of Cheibriados.
  1696 | D:2      | Found a blossoming altar of Fedhas.
  1803 | D:2      | Reached XP level 4. HP: 16/29 MP: 4/4
  1985 | D:3      | Noticed Loris's ghost (average HESk)
  1999 | D:3      | Reached skill level 4 in Maces & Flails
  2009 | D:3      | Killed Loris's ghost
  2009 | D:3      | Reached XP level 5. HP: 33/33 MP: 5/5
  2103 | D:3      | Noticed Robin
  2120 | D:3      | Killed Robin
  2369 | D:3      | Reached XP level 6. HP: 38/38 MP: 6/6
  3050 | D:4      | Reached skill level 5 in Maces & Flails
  3137 | D:4      | Noticed Edmund
  3234 | D:3      | Killed Edmund
  3234 | D:3      | Reached XP level 7. HP: 24/44 MP: 7/7
  3445 | D:4      | Reached skill level 6 in Maces & Flails
  3700 | D:4      | Reached skill level 5 in Fighting
  3700 | D:4      | Reached XP level 8. HP: 49/49 MP: 8/8
  3989 | D:5      | Entered Level 5 of the Dungeon
  4122 | D:5      | Noticed Menkaure
  4127 | D:5      | Killed Menkaure
  4127 | D:5      | Reached skill level 7 in Maces & Flails
  4127 | D:5      | Reached skill level 5 in Armour
  4718 | D:5      | Found a sacrificial altar of Ru.
  5298 | D:6      | Reached skill level 1 in Shields
  5423 | D:6      | Found a staircase to the Ecumenical Temple.
  5805 | D:6      | Noticed Pikel
  5812 | D:6      | Killed Pikel
  5812 | D:6      | Reached skill level 8 in Maces & Flails
  5812 | D:6      | Reached XP level 9. HP: 56/56 MP: 9/9
  6200 | D:7      | Acquired Trog's third power
  6688 | D:7      | Found a white marble altar of Elyvilon.
  6888 | D:7      | Found Exeu's Weapon Emporium.
  6988 | D:8      | Reached skill level 9 in Maces & Flails
  7140 | D:8      | Noticed Erica
  7173 | D:8      | Killed Erica
  7173 | D:8      | Reached XP level 10. HP: 58/63 MP: 10/10
  7420 | D:8      | Found Eshreluli's Assorted Antiques.
  7428 | D:8      | Bought a glowing granite ring for 150 gold pieces
  7428 | D:8      | Bought a blackened pearl amulet for 150 gold pieces
  7455 | D:8      | Noticed Grum
  7468 | D:8      | Killed Grum
  7480 | D:8      | Reached skill level 5 in Shields
  7488 | D:8      | Reached skill level 10 in Maces & Flails
  7580 | D:8      | Got a vibrating tin ring
  7582 | D:8      | Identified the ring "Haneluinei" {rPois rF+ Dex+2 SInv Stlth+} (You found it on level 8 of the Dungeon)
  7598 | D:8      | Found an opulent altar of Gozag.
  7647 | D:8      | Noticed Erolcha
  7661 | D:8      | Killed from afar by Erolcha

Vault maps used:
D:1:      onia_arrival_pyramid, patterned_corridor
D:2:      grunt_temple_overflow_open, minivault_26, kennysheep_another_room
D:3:      uniq_robin
D:4:      uniq_edmund
D:5:      hangedman_ru_absence, first_bread, uniq_menkaure
D:6:      minmay_temple_entry_purple_smoke, uniq_pikel
D:7:      elyvilon_altar_3, serial_shops, shop_coins
D:8:      lemuel_round_altar, serial_shops, nicolae_shop_statue_plus,
          uniq_erica, uniq_erolcha, uniq_grum

Action                   |  1- 3 |  4- 6 |  7- 9 | 10-12 || total
-------------------------+-------+-------+-------+-------++-------
Melee: Mace              |   117 |   214 |       |       ||   331
       Flail             |       |       |   245 |       ||   245
       Whip              |       |       |   138 |    67 ||   205
Invok: Berserk           |     1 |     4 |     3 |       ||     8
       Trog's Hand       |       |     2 |     2 |     1 ||     5
  Use: Scroll            |     9 |     2 |    10 |     2 ||    23
 Stab: Sleeping          |     1 |       |       |       ||     1
  Eat: Chunk             |     4 |     8 |    12 |     3 ||    27
       Bread ration      |       |       |     1 |       ||     1
